Map: Catalyseur EC

Players

llllllllllll - Winner!

  • Race: Zerg Zerg
  • League: Grandmaster
  • Spawn Location: 5:00

DrunkenSCV

  • Race: Terran Terran
  • League: Master
  • Spawn Location: 11:00

VOD

Have the link to the VOD?

Description

Time

  • Played on: May 3, 2018, 9:06 a.m.
  • Length: 11:03
Show
View Real Time Build Order
Export as new Build Order

llllllllllll Zerg - Winner!

Build Orders: Hatch First 

Get SALT Encoding   

  12  0:01  Drone  
  13  0:12  Overlord  
  13  0:19  Drone  
  14  0:31  Drone x2  
  16  0:36  Drone  
  17  0:52  Hatchery  
  17  0:55  Drone  
  17  0:58  Drone  
  18  1:07  Drone  
  18  1:08  Extractor  
  18  1:17  Spawning Pool  
  17  1:20  Drone  
  18  1:28  Drone  
  19  1:39  Drone  
  20  1:51  Drone  
  21  2:04  Queen x2  
  21  2:06  Roach Warren  
  21  2:07  Zergling x4  
  26  2:12  Overlord  
  26  2:22  Drone x2  
  28  2:46  Roach x3  
  28  2:47  Roach  
  36  2:52  Overlord  
  36  2:56  Drone  
  35  3:26  Ravager  
  35  3:27  Ravager  
  36  3:32  Drone x8  
  44  3:34  Overlord  
  44  3:35  Hatchery  
  44  3:39  Ravager  
  44  3:46  Overlord  
  44  4:00  Drone x7  
  51  4:07  Ravager  
  52  4:19  Spore Crawler  
  51  4:26  Spore Crawler  
  47  4:37  Drone x4  
  47  4:38  Drone x2  
  47  4:51  Roach x4  
  55  4:59  Extractor  
  51  5:00  Extractor  
  51  5:01  Queen  
  51  5:04  Drone x3, Spore Crawler  
  51  5:05  Drone x2  
  56  5:12  Spore Crawler  
  55  5:17  Metabolic Boost  
  55  5:19  Zergling x12  
  61  5:29  Overlord  
  61  5:31  Overlord  
  61  5:35  Overlord  
  61  5:44  Drone  
  61  5:45  Drone x4  
  61  5:47  Overlord x3  
  66  5:53  Evolution Chamber  
  66  5:55  Evolution Chamber  
  64  6:06  Drone x2  
  64  6:07  Drone  
  64  6:10  Zergling x12  
  64  6:11  Zergling x4  
  75  6:12  Baneling Nest  
  74  6:20  Overlord  
  74  6:21  Pneumatized Carapace  
  74  6:27  Lair  
  74  6:28  Drone  
  74  6:29  Drone x3  
  78  6:44  Hatchery  
  75  6:51  Zerg Missile Weapons Level 1, Zerg Melee Weapons Level 1  
  75  6:53  Zergling x2  
  75  6:54  Zergling x16  
  83  7:06  Overlord x3  
  81  7:19  Drone x2  
  83  7:31  Roach x11  
  83  7:32  Roach x2  
  109  7:49  Roach  
  109  7:50  Roach x4  
  119  7:52  Centrifical Hooks  
  119  8:00  Glial Reconstitution  
  119  8:02  Zergling x14  
  119  8:03  Zergling x2  
  124  8:45  Overlord x2  
  124  8:46  Overlord x4  
  116  9:06  Hatchery  
  116  9:07  Drone  
  113  9:21  Roach  
  113  9:22  Roach x15  
  145  9:26  Baneling  
  145  9:27  Baneling x16  
  145  9:29  Zergling x2  
  146  9:43  Zergling x14  
  146  9:44  Zergling x2  
  154  10:01  Baneling x3  
  154  10:02  Baneling x8  
  154  10:06  Zergling x2  
  155  10:07  Zergling x12  
  155  10:12  Overlord x5  
  154  10:28  Zergling x14  
  126  10:29  Zergling x2  
Show
View Real Time Build Order
Export as new Build Order

DrunkenSCV Terran 

Build Orders: Reaper Expand, MMM Bio 

Get SALT Encoding   

  12  0:01  SCV  
  13  0:13  SCV  
  14  0:18  Supply Depot  
  14  0:25  SCV  
  15  0:39  SCV  
  15  0:41  Barracks  
  16  0:44  Refinery  
  16  0:52  SCV  
  17  1:04  SCV  
  18  1:16  SCV  
  19  1:28  Orbital Command  
  19  1:29  Reaper  
  20  1:41  Command Center  
  20  1:50  Supply Depot  
  20  1:53  SCV  
  21  2:01  Marine  
  22  2:08  SCV  
  23  2:14  Refinery  
  23  2:15  Factory  
  23  2:20  SCV  
  23  2:21  Barracks Reactor  
  24  2:32  SCV  
  25  2:44  SCV  
  26  2:56  Orbital Command, SCV  
  27  3:02  Starport  
  27  3:07  Hellion x2  
  27  3:08  SCV  
  32  3:14  Barracks Tech Lab  
  32  3:20  SCV  
  32  3:25  SCV  
  33  3:28  Hellion x2  
  33  3:32  SCV  
  38  3:37  SCV  
  39  3:44  SCV, Banshee  
  42  3:49  SCV, Cyclone  
  40  4:12  SCV  
  40  4:16  SCV  
  43  4:18  Cyclone  
  43  4:20  Supply Depot  
  42  4:35  Command Center  
  38  4:55  Factory Reactor  
  38  4:57  Barracks Tech Lab  
  38  5:08  Supply Depot  
  38  5:14  Engineering Bay  
  38  5:15  Engineering Bay  
  38  5:17  Stimpack  
  38  5:29  Viking, SCV x2, Marine  
  38  5:35  Supply Depot  
  43  5:38  Barracks  
  43  5:40  Barracks  
  43  5:41  SCV x2  
  45  5:42  Factory Reactor  
  45  5:45  Terran Infantry Weapons Level 1, Terran Infantry Armor Level 1  
  45  5:47  Marine  
  46  5:56  Supply Depot  
  46  5:57  SCV x2  
  48  6:05  Barracks  
  48  6:06  Barracks  
  48  6:09  SCV x2  
  50  6:11  Marine  
  50  6:15  Orbital Command  
  51  6:20  Refinery x2  
  51  6:21  SCV, Starport Reactor  
  52  6:27  SCV  
  52  6:29  Marine  
  52  6:30  Marine x2  
  56  6:33  SCV  
  56  6:39  SCV  
  58  6:41  Siege Tank, Marine x2  
  58  6:44  SCV  
  58  6:45  SCV  
  65  6:47  Marine  
  65  6:51  SCV, Marine x2  
  65  6:52  Barracks Reactor  
  65  6:53  Supply Depot  
  65  6:54  Barracks Reactor  
  69  6:56  SCV  
  69  6:57  SCV  
  69  7:00  Armory  
  71  7:03  SCV  
  71  7:07  Marine x2  
  74  7:09  SCV  
  74  7:14  Marine x2  
  74  7:15  SCV, Marine  
  78  7:16  Medivac x2  
  78  7:19  Supply Depot  
  78  7:22  SCV  
  84  7:25  Marine  
  84  7:28  Combat Shields  
  85  7:34  Orbital Command  
  85  7:41  SCV, Marine x8  
  85  7:43  Supply Depot x2, Marine  
  92  7:45  Supply Depot  
  92  7:50  Supply Depot  
  92  7:52  SCV  
  92  7:53  SCV  
  94  7:59  Marine x2  
  94  8:02  Marine x3  
  94  8:04  SCV x2  
  94  8:05  Terran Infantry Weapons Level 2  
  101  8:07  Terran Infantry Armor Level 2  
  101  8:10  Terran Vehicle And Ship Armor Level 1  
  101  8:13  SCV  
  101  8:16  SCV  
  101  8:17  Supply Depot  
  101  8:18  SCV  
  104  8:20  Orbital Command  
  104  8:22  Marine x2  
  104  8:23  Marine x2  
  108  8:27  Marine x3  
  108  8:31  Marine  
  108  8:32  Marine  
  113  8:39  SCV  
  113  8:40  Marine x2  
  108  8:44  Factory  
  108  8:45  SCV  
  108  8:47  SCV  
  109  8:51  SCV, Marine x2  
  111  8:58  Marine x2  
  111  8:59  Marine x2  
  115  9:03  Marine  
  113  9:10  Marine x2  
  113  9:11  SCV  
  113  9:13  Marine  
  113  9:15  Marine x2  
  119  9:17  Marine x3  
  119  9:18  SCV  
  119  9:20  Supply Depot  
  119  9:21  Medivac x2  
  119  9:22  Siege Tank  
  130  9:25  SCV  
  130  9:30  SCV x2  
  133  9:37  SCV, Marine x4  
  138  9:38  Factory Tech Lab  
  138  9:39  Marine  
  138  9:42  Supply Depot x2  
  138  9:43  Supply Depot  
  138  9:44  Marine  
  139  9:48  Marine  
  139  9:51  Supply Depot  
  139  9:52  Supply Depot, SCV x2  
  141  9:53  Supply Depot, SCV  
  141  9:54  Siege Tank  
  141  9:56  Marine  
  141  9:58  Siege Tank  
  149  10:04  SCV x2  
  151  10:13  Command Center  
  151  10:16  Marine x2  
  82  10:43  Marine  
  82  10:44  Marine x7  
  82  10:45  Marine  
Tags
 
Add a new tag
Caveats
  • Supply blocks, unpowered buildings, or Contaminate may cause inaccurate times.
  • Supply counts are checked every 10 seconds.